Map: Forêt cybernétique EC

Players

Sorandom - Winner!

  • Race: Zerg Zerg
  • League: Diamond
  • Spawn Location: 5:00

SuperMurloc

  • Race: Zerg Zerg
  • Spawn Location: 11:00

VOD

Have the link to the VOD?

Description

Time

  • Played on: April 4, 2019, 7:18 p.m.
  • Length: 7:30
Show
View Real Time Build Order
Export as new Build Order

Sorandom Zerg - Winner!

Build Orders: Pool First 

Get SALT Encoding   

  12  0:02  Drone  
  13  0:12  Overlord  
  13  0:20  Drone  
  14  0:31  Drone x2  
  14  0:35  Drone  
  17  0:47  Spawning Pool  
  17  0:49  Drone  
  17  0:53  Extractor  
  16  0:57  Drone  
  17  1:07  Drone  
  18  1:21  Hatchery  
  17  1:25  Drone  
  18  1:33  Zergling x2  
  18  1:38  Queen  
  21  1:54  Roach Warren, Drone  
  20  1:57  Drone  
  22  2:10  Spine Crawler  
  22  2:11  Zergling x2  
  22  2:35  Overlord x2  
  22  2:54  Roach x5  
  22  2:56  Queen  
  32  3:11  Roach  
  32  3:31  Queen  
  32  3:32  Roach  
  32  3:33  Hatchery  
  35  3:50  Overlord x2  
  35  3:59  Drone  
  36  4:04  Drone  
  37  4:13  Lair  
  37  4:16  Roach  
  35  4:20  Roach  
  35  4:23  Ravager  
  35  4:24  Ravager  
  37  4:29  Roach  
  39  4:46  Drone  
  39  4:47  Drone x3  
  39  4:52  Roach x2  
  47  5:02  Roach  
  47  5:03  Roach  
  51  5:13  Roach  
  53  5:20  Extractor  
  53  5:21  Roach  
  54  5:22  Drone  
  54  5:23  Drone  
  56  5:31  Roach  
  58  5:38  Roach  
  58  5:39  Overlord x2  
  60  5:43  Extractor  
  60  5:47  Drone  
  60  5:50  Overlord  
  60  5:55  Overseer  
  57  6:06  Roach x2  
  57  6:08  Drone x2  
  59  6:13  Roach  
  59  6:16  Drone  
  62  6:27  Roach  
  62  6:28  Roach  
  62  6:32  Roach  
  68  6:33  Drone  
  69  6:46  Roach x3  
  75  6:49  Roach  
  75  6:51  Drone  
  66  7:03  Roach x3  
  66  7:08  Roach  
  78  7:28  Ravager  
Show
View Real Time Build Order
Export as new Build Order

SuperMurloc Zerg 

Build Orders: 1 Base Baneling Bust, Pool Only 

Get SALT Encoding   

  12  0:01  Drone  
  13  0:15  Extractor  
  12  0:24  Spawning Pool  
  11  0:29  Drone  
  11  0:34  Drone  
  13  0:41  Drone  
  14  0:50  Overlord  
  14  1:13  Zergling x6  
  14  1:16  Metabolic Boost  
  17  1:25  Zergling x2  
  18  1:35  Zergling x2, Baneling Nest  
  18  1:46  Zergling x2  
  19  1:52  Queen  
  21  1:59  Zergling x2  
  22  2:12  Overlord  
  22  2:39  Baneling x4  
  22  2:41  Zergling x4  
  22  2:42  Zergling x2  
  25  2:53  Overlord  
  23  3:10  Zergling x6  
  24  3:13  Queen  
  24  3:15  Drone  
  27  3:24  Zergling x2  
  28  3:38  Zergling x2  
  29  3:42  Evolution Chamber  
  29  3:43  Drone  
  29  3:44  Zergling x4  
  31  3:51  Overlord  
  26  4:12  Zergling x2  
  26  4:13  Zergling x2  
  20  4:24  Zergling x6  
  23  4:34  Zerg Melee Weapons Level 1  
  23  4:38  Zergling x2  
  24  4:46  Zergling x2  
  25  4:54  Zergling x6  
  26  5:08  Zergling x4  
  28  5:18  Baneling x3  
  28  5:20  Zergling x2  
  29  5:24  Zergling x6  
  32  5:36  Zergling x2  
  32  5:42  Baneling x3  
  33  5:48  Drone  
  34  5:52  Overlord  
  34  5:54  Zergling x6  
  32  6:07  Zergling x2  
  26  6:22  Zergling x2  
  26  6:23  Zergling x6  
  28  6:36  Zergling x2  
  24  6:51  Zergling x8  
Tags
 
Add a new tag
Caveats
  • Supply blocks, unpowered buildings, or Contaminate may cause inaccurate times.
  • Supply counts are checked every 10 seconds.